 Dungeon Crawl Stone Soup version 0.23-a0-644-gb60d84b635 (webtiles) character file.

417 Pixllover the Cudgeler (level 6, -3/84 HPs)
             Began as a Minotaur Berserker on Dec 25, 2018.
             Was a Believer of Trog.
             Killed from afar by an orc wizard (9 damage)
             ... with a magic dart
             ... on level 4 of the Dungeon on Jan 2, 2019.
             The game lasted 00:07:32 (2637 turns).

Pixllover the Cudgeler (Minotaur Berserker)         Turns: 2637, Time: 00:07:33

Health: -3/84      AC:  5    Str: 28    XL:     6   Next: 61%
Magic:  5/5        EV: 12    Int:  4    God:    Trog [**....]
Gold:   236        SH:  0    Dex: 10    Spells: 5/5 levels left

rFire    . . .     SeeInvis .   j - +0 war axe
rCold    + . .     Gourm    .   (no shield)
rNeg     . . .     Faith    .   g - +0 ring mail
rPois    .         Spirit   .   (helmet restricted)
rElec    .         Reflect  .   (no cloak)
rCorr    .         Harm     .   (no gloves)
MR       .....                  (no boots)
Stlth    ..........             (no amulet)
HPRegen  0.24/turn              r - ring of protection from cold
MPRegen  0.09/turn              m - ring of stealth

@: berserking (expiring), slowed
A: retaliatory headbutt, horns 2
a: Berserk, Trog's Hand, Renounce Religion


You were on level 4 of the Dungeon.
You worshipped Trog.
Trog was pleased with you.
You were very hungry.

You visited 1 branch of the dungeon, and saw 4 of its levels.

You collected 236 gold pieces.

Inventory:

Hand Weapons
 a - a +1 mace
 j - a +0 war axe (weapon)
Missiles
 k - 11 javelins (quivered)
Armour
 b - a +0 animal skin
 g - a +0 ring mail (worn)
Jewellery
 m - a ring of stealth (right hand)
 r - a ring of protection from cold (left hand)
Wands
 n - a wand of clouds (5)
 s - a wand of acid (11)
Scrolls
 f - a scroll of random uselessness {unknown}
 h - 2 scrolls of remove curse
 i - 3 scrolls of enchant weapon
 l - 5 scrolls of teleportation
 q - a scroll of immolation
 t - a scroll of identify
 x - a scroll of amnesia {unknown}
Potions
 e - a potion of haste {unknown}
 o - 3 potions of curing
 p - a potion of heal wounds {unknown}
 u - a potion of resistance {unknown}
 v - a potion of might {unknown}
 w - a potion of cancellation {unknown}
Comestibles
 c - 6 rations
 d - 2 chunks of flesh


   Skills:
 + Level 5.0 Fighting
 + Level 2.1(4.1) Axes
 + Level 5.5(5.7) Maces & Flails
 + Level 4.3 Armour
 + Level 3.8 Dodging
 + Level 1.5 Stealth


You had 5 spell levels left.
You didn't know any spells.
Your spell library was empty.

Dungeon Overview and Level Annotations

Branches:
Dungeon (4/15)
 Temple: D:4-7

Altars:
Qazlal
The Shining One


Innate Abilities, Weirdness & Mutations

You reflexively headbutt those who attack you in melee.
You have a pair of horns on your head.


Message History

* * * LOW HITPOINT WARNING * * *
There is an open door, spattered with blood here.
Items here: ))) [[ †† You are too berserk!
You slash the orc wizard!
The orc wizard is severely wounded.
You barely miss the orc.
You hit the orc priest but do no damage.
The orc wizard gestures at you while chanting.
You feel as though you will be slow longer.
The orc priest misses you. The orc barely misses you.
You closely miss the orc wizard.
The orc wizard is severely wounded.
You slash the orc!
You kill the orc!
Trog accepts your kill.
You closely miss the orc priest. The orc wizard casts a spell at you.
The magic dart hits you!
You die...

## ### .# ..# #+## .#
#.# #...# .# ####.#
#?.... .# ##.##.#
#......
.#########...#.##o......
................@o......
##########...#.##)......
# ##.##.# #...... #
...##.# #....) ###.##.#
#...# .....# #+## #.####
..#


You could see an orc priest and an orc wizard.

Vanquished Creatures
  Grinder (D:4)
  A bullfrog zombie (D:4)
  An orc priest (D:4)
  A worker ant (D:4)
  5 adders
  3 oozes
  2 worms
  A dart slug (D:1)
  3 leopard geckos
  7 orcs
  3 giant cockroaches
  10 goblins
  6 hobgoblins
  2 jackals (D:3)
  4 kobolds
  2 quokkas
  8 bats
  5 frilled lizards
  A jackal skeleton (D:4)
  7 rats
73 creatures vanquished.

Vanquished Creatures (others)
  An orc wizard (D:4)
1 creature vanquished.

Grand Total: 74 creatures vanquished

Notes
Turn   | Place    | Note
-------+----------+-------------------------------------------
     0 | D:1      | Pixllover the Minotaur Berserker began the quest for the
                  | Orb.
     0 | D:1      | Reached XP level 1. HP: 19/19 MP: 0/0
     0 | D:1      | Upgraded the game from 0.23-a0-629-gae4348f6cf to
                  | 0.23-a0-644-gb60d84b635
    84 | D:1      | Reached XP level 2. HP: 17/27 MP: 1/1
   464 | D:1      | Reached XP level 3. HP: 32/33 MP: 2/2
   617 | D:1      | Found a glowing golden altar of the Shining One.
   647 | D:1      | Reached ** piety under Trog
  1165 | D:2      | Reached XP level 4. HP: 40/41 MP: 3/3
  2319 | D:4      | Reached XP level 5. HP: 18/47 MP: 4/4
  2363 | D:4      | Found a stormy altar of Qazlal.
  2366 | D:4      | Noticed a water elemental
  2367 | D:4      | Noticed an air elemental
  2367 | D:4      | Noticed a fire elemental
  2390 | D:4      | Noticed Grinder
  2396 | D:4      | Paralysed by Grinder for 4 turns
  2403 | D:4      | Killed Grinder
  2403 | D:4      | Reached skill level 1 in Axes
  2403 | D:4      | Reached skill level 5 in Maces & Flails
  2403 | D:4      | Reached skill level 1 in Stealth
  2403 | D:4      | Reached XP level 6. HP: 36/55 MP: 5/5
  2421 | D:4      | Reached skill level 5 in Fighting
  2637 | D:4      | Killed from afar by an orc wizard

Vault maps used:
D:1:      matt_arrival_los_fun, tso_altar
D:2:      first_ration
D:4:      minmay_door_path, nicolae_qazlal_style_of_elements,
          minmay_temple_entry_drinking_statues, nicolae_ossuary_entry_giza,
          uniq_grinder

Skill      XL: |  1  2  3  4  5  6 |
---------------+-------------------+-----
Fighting       | 4 5 |  5.0
Maces & Flails | 4 5 |  5.5
Dodging        | 3 |  3.8
Armour         | 3 4 |  4.3
Axes           | 1 2 |  2.1
Stealth        | 1 |  1.5

Action                   |  1- 3 |  4- 6 || total
-------------------------+-------+-------++-------
Melee: Mace              |    72 |    41 ||   113
       Headbutt          |    10 |    10 ||    20
       War axe           |       |    53 ||    53
Invok: Berserk           |       |     2 ||     2
  Use: Scroll            |     1 |     5 ||     6
       Potion            |       |     2 ||     2
 Stab: Sleeping          |       |     4 ||     4
  Eat: Chunk             |     1 |     5 ||     6
Armor: Animal skin       |     3 |       ||     3
       Ring mail         |    18 |    39 ||    57
Dodge: Dodged            |    54 |    63 ||   117

Table legend:
 A = Non-vault XP
 B = Vault XP
 C = Vault XP percentage of total XP
 D = Non-vault monster count
 E = Vault monster count
 F = Vault count percentage of total count
                 A         B        C        D         E       F
            +---------+---------+-------+---------+---------+-------
      Total |     330 |     267 |  44.7 |      72 |       1 |   1.4
            +---------+---------+-------+---------+---------+-------
        D:1 |      47 |       0 |   0.0 |      24 |       0 |   0.0
        D:2 |      79 |       0 |   0.0 |      19 |       0 |   0.0
        D:3 |      56 |       0 |   0.0 |      18 |       0 |   0.0
        D:4 |     148 |     267 |  64.3 |      11 |       1 |   8.3
            +---------+---------+-------+---------+---------+-------
